 Dungeon Crawl Stone Soup version 0.21.0-24-g2553a33 (webtiles) character file.

293306 Jatast the Tortoise (level 20, -2/167 HPs)
             Began as a Demonspawn Artificer on Jan 19, 2018.
             Was the Champion of Makhleb.
             Slain by a chaos spawn (3 damage)
             ... on level 4 of the Abyss.
             The game lasted 02:00:56 (46345 turns).

Jatast the Tortoise (Demonspawn Artificer)         Turns: 46345, Time: 02:00:57

Health: -2/167     AC: 36    Str: 22    XL:     20   Next: 1%
Magic:  28/28      EV:  8    Int: 13    God:    Makhleb [******]
Gold:   3160       SH: 21    Dex: 16    Spells: 19/19 levels left

rFire    + . .     SeeInvis .   k - +1 demon whip (flame)
rCold    + + .     Gourm    .   P - +3 shield of the Manifold Suns {rF+ rC+ Str+3}
rNeg     + . .     Faith    .   T - +0 crystal plate armour
rPois    +         Spirit   .   I - +0 helmet (curse)
rElec    .         Reflect  +   a - +0 cloak
rCorr    +         Harm     .   (gloves unavailable)
MR       +....                  U - +2 pair of boots {Fly}
Stlth    ..........             C - +4 amulet of reflection
HPRegen  0.00/turn              A - ring of resist corrosion
MPRegen  0.21/turn              J - ring of poison resistance

@: berserk cooldown, flying, non-regenerating, diseased, slowed, very slow
A: claws 3, iridescent scales 2, cold resistance 1, demonic guardian 3, icemail,
negative energy resistance 1, screaming 1, freezing cloud immunity
}: 2/15 runes: decaying, gossamer
a: Minor Destruction, Lesser Servant of Makhleb, Major Destruction, Greater
Servant of Makhleb, Renounce Religion, Stop Flying


You were on level 4 of the Abyss.
You worshipped Makhleb.
Makhleb was exalted by your worship.
You were hungry.

You visited 7 branches of the dungeon, and saw 36 of its levels.
You visited the Abyss 1 time.
You also visited: Labyrinth, Sewer, Ossuary and Ice Cave.

You collected 3160 gold pieces.

Inventory:

Hand Weapons
 k - a +1 demon whip of flaming (weapon)
 t - a +0 eveningstar of holy wrath
Armour
 a - a +0 cloak (worn)
 y - a +1 large shield of cold resistance
 I - a cursed +0 helmet (worn)
 P - the +3 shield of the Manifold Suns (worn) {rF+ rC+ Str+3}
   (You took it off a minotaur in a labyrinth)

   It affects your strength (+3).
   It protects you from fire.
   It protects you from cold.
 T - a +0 crystal plate armour (worn)
 U - a +2 pair of boots of flying (worn)
Jewellery
 s - an uncursed ring of protection from fire
 A - a ring of resist corrosion (left claw)
 C - a +4 amulet of reflection (around neck)
 J - a ring of poison resistance (right claw)
 O - an uncursed amulet of rage
Wands
 d - a wand of scattershot (5)
 e - a wand of flame (28)
 g - a wand of digging (31)
 w - a wand of paralysis (14)
 H - a wand of acid (16)
 L - a wand of iceblast (29)
Scrolls
 i - a scroll of silence {unknown}
 j - 2 scrolls of fear
 m - 13 scrolls of teleportation
 o - 6 scrolls of enchant armour
 x - 12 scrolls of enchant weapon
 D - 7 scrolls of magic mapping
 E - 16 scrolls of remove curse
 F - 3 scrolls of blinking
 N - 2 scrolls of immolation
 S - 3 scrolls of fog
 V - 12 scrolls of identify
 X - 2 scrolls of amnesia
 Z - 2 scrolls of summoning
Potions
 b - 9 potions of mutation
 c - 6 potions of agility
 h - 3 potions of might
 l - 4 potions of resistance
 n - 4 potions of heal wounds
 p - 14 potions of flight
 q - 8 potions of ambrosia
 r - 8 potions of haste
 u - 4 potions of berserk rage
 v - 6 potions of cancellation
 z - 5 potions of lignification
 B - 4 potions of invisibility
 G - 3 potions of curing
 M - a potion of brilliance
 Y - a potion of magic
Miscellaneous
 R - 2 phantom mirrors
Comestibles
 f - 54 rations
 K - 9 chunks of flesh


   Skills:
 - Level 16.8 Fighting
   Level 0.8 Short Blades
 - Level 16.0 Maces & Flails
 + Level 17.1 Armour
 - Level 6.5 Dodging
 - Level 0.8 Stealth
 - Level 15.0 Shields
 - Level 11.0 Invocations
 - Level 3.0 Evocations


You had 19 spell levels left.
You didn't know any spells.

Dungeon Overview and Level Annotations

Branches:
Dungeon (15/15)            Temple (1/1) D:7            Lair (6/6) D:8
  Swamp (4/4) Lair:3       Spider (4/4) Lair:3        Slime (0/5) Lair:6
    Orc (2/2) D:9             Elf (0/3) Orc:2        Vaults (4/5) D:14
  Crypt (0/3) Vaults:2     Depths (0/5) D:15

Altars:
Ashenzari
Cheibriados
Dithmenos
Elyvilon
Fedhas
Gozag
Hepliaklqana
Kikubaaqudgha
Makhleb
Nemelex Xobeh
Okawaru
Qazlal
Ru
Sif Muna
Trog
Uskayaw
Vehumet
Wu Jian
Xom
Yredelemnul
Zin
The Shining One

Shops:
D:5 !   D:8 }   D:9 [   D:13 %   Orc:2 [(%%(

Portals:
Trove: Vaults:2 (give +4 shadow dragon scales)


Innate Abilities, Weirdness & Mutations

You have claws for hands.
You are mostly covered in iridescent scales. (AC +4)
Your flesh is cold resistant. (rC+)
A powerful demonic guardian rushes to your aid.
A meltable icy envelope protects you from harm. (AC +0)
You resist negative energy. (rN+)
You are immune to freezing clouds.
You occasionally shout uncontrollably at your foes.


Message History

The Hell Sentinel is almost dead.
You feel ill.
The chaos spawn gores you but does no damage.
You block the draconian's attack.
The draconian barely misses your orange demon.
Your orange demon stings the Hell Sentinel from afar.
Your cacodemon hits the Hell Sentinel but does no damage. x2
You whack the Hell Sentinel!
The Hell Sentinel is almost dead.
The Hell Sentinel gestures at you. The iron shot hits you!
* * * LOW HITPOINT WARNING * * *
The ancient zyme barely misses your cacodemon.
The ancient zyme hits your cacodemon. You block the cacodemon's attack.
The cacodemon hits you.
* * * LOW HITPOINT WARNING * * *
The chaos spawn hits you.
* * * LOW HITPOINT WARNING * * *
The chaos spawn freezes you. You resist.
You die...

## #.##
##.4## .
#22@4#
#x1d### #
. #dd#x.
#
Xd#.[†.x.
# #
###x##
###.#..#
# G #.. .
. . #.
... .. #.
#. #..#


You could see a Hell Sentinel, a cacodemon, a great orb of eyes, 4 draconians,
an ancient zyme, a large abomination, a chaos spawn, 2 small abominations, a
friendly cacodemon and a friendly orange demon.

Vanquished Creatures
  A bone dragon (Swamp:4)
  2 sphinxes (Vaults:3)
  2 tentacled starspawn (Abyss:4)
  A fire giant (Vaults:3)
  7 vault wardens
  2 ghost moths (Spider:4)
  2 balrugs (Abyss:4)
  8 emperor scorpions
  A frost giant (IceCv)
  An orc warlord (D:9)
  A ghoul (Vaults:4)
  7 ironheart preservers
  3 stone giants
  5 very ugly things
  2 entropy weavers
  A purple draconian (Abyss:4)
  A spark wasp (Spider:2)
  3 dire elephants (Lair:6)
  2 eidola (Vaults:2)
  A deep elf death mage (Vaults:2)
  2 ettins
  3 fire dragons
  A minotaur (Lab)
  10 yaktaur captains
  3 ice dragons
  A servant of whispers (Vaults:4)
  12 hydras
  3 vault guards
  3 ghost crabs
  A rakshasa (Vaults:1)
  An anaconda (Lair:6)
  2 death knights
  5 centaur warriors
  An anaconda (shapeshifter) (D:13)
  2 death yaks (Lair:6)
  19 two-headed ogres
  A deep troll shaman (Vaults:3)
  7 ogre magi
  An alligator (Swamp:1)
  A tengu warrior (D:14)
  5 thrashing horrors (Abyss:4)
  Urug (D:11)
  4 orc high priests (Orc:2)
  5 deep elf knights
  Sonja (Lair:3)
  3 shadow wraiths
  Nergalle (D:11)
  A death drake (shapeshifter) (Vaults:1)
  6 wretched stars (Abyss:4)
  A spatial maelstrom (Abyss:3)
  A spriggan druid (Swamp:2)
  6 skeletal warriors
  6 unseen horrors
  A flayed ghost (Vaults:3)
  3 swamp dragons
  2 deep elf archers
  2 glowing orange brains
  4 ironbrand convokers
  2 spectral hydras (Swamp:4)
  4 wizards
  2 phantasmal warriors
  A shambling mangrove (Swamp:2)
  5 orc knights
  10 deep elf magi
  3 orc sorcerers
  A shining eye (Abyss:4)
  23 wolf spiders
  9 ugly things
  A wolf spider zombie (D:14)
  An orb spider (shapeshifter) (Vaults:2)
  14 orb spiders
  A manticore (D:12)
  The ghost of PipsiMox the Protected, a novice GnWn of Qazlal (D:5)
  2 moths of wrath
  5 cyclopes
  4 black mambas
  6 elephants (Lair:6)
  An apocalypse crab (Abyss:4)
  3 smoke demons (Abyss:4)
  15 spiny frogs
  9 vault sentinels
  3 gargoyles
  2 ice statues (IceCv)
  3 torpor snails
  The ghost of geeseburger the Poker, a novice HuWn (D:4)
  3 centaur skeletons
  2 efreet (Abyss:4)
  23 yaktaurs
  4 rime drakes
  A komodo dragon (shapeshifter) (Vaults:2)
  A yaktaur (shapeshifter) (Vaults:2)
  4 freezing wraiths
  5 demonic crawlers
  7 komodo dragons
  2 ancient zymes (Abyss:4)
  3 swamp worm zombies (Swamp:4)
  2 hornets (shapeshifter)
  11 polar bears
  4 trolls
  21 jumping spiders
  A hydra zombie (Swamp:4)
  A raiju (shapeshifter) (D:11)
  3 saltlings (Vaults:4)
  5 bog bodies
  11 hornets
  3 tyrant leeches
  20 raiju
  27 slime creatures
  3 alligator zombies (Swamp:4)
  4 hippogriffs
  2 spectral swamp dragons (Swamp:4)
  5 small abominations
  9 blink frogs
  2 air elementals (Abyss:4)
  24 tarantellas
  A vampire (D:13)
  Sigmund (D:3)
  4 shadows
  5 spriggans
  A ynoxinul (Abyss:4)
  66 redbacks
  38 yaks
  2 yaks (shapeshifter)
  A wyvern (D:10)
  A water elemental (D:14)
  A hog (D:9)
  4 large abominations
  4 wraiths
  A basilisk (Lair:2)
  2 chaos spawn (Abyss:4)
  2 hungry ghosts
  Menkaure (D:6)
  6 vampire mosquitoes
  2 neqoxecs
  5 wargs
  A soldier ant (D:10)
  22 insubstantial wisps
  4 acid dragons
  17 swamp worms
  A hell hound (Abyss:3)
  12 water moccasins
  28 orc warriors
  An ice beast (D:6)
  7 porcupines
  3 sky beasts
  6 phantoms
  2 swamp dragon zombies (Swamp:4)
  5 necrophages (Lair:3)
  2 swamp drakes
  2 eyes of draining
  A tengu (shapeshifter) (Vaults:1)
  An ogre (shapeshifter) (Vaults:1)
  13 ogres
  3 boggarts
  22 wolves
  14 centaurs
  5 crocodiles
  15 bullfrogs
  8 scorpions
  12 killer bees
  2 howler monkeys
  9 wights
  2 electric eels
  7 crimson imps
  2 bullfrog zombies
  3 centaur zombies
  10 starcursed masses
  11 hounds
  20 orc priests
  4 jellies
  A human zombie (Ossuary)
  23 orc wizards
  2 iguanas (D:5)
  A spectral swamp drake (Swamp:4)
  11 worker ants
  A big kobold zombie (Ossuary)
  2 hound zombies
  2 mummies (Ossuary)
  A howler monkey zombie (D:9)
  4 gnolls
  3 scorpion zombies (Ossuary)
  A swamp drake zombie (Swamp:4)
  11 adders
  2 shadow imps
  11 white imps
  2 oozes
  An adder skeleton (D:8)
  3 worms
  A dart slug (D:3)
  7 leopard geckos
  60 orcs
  12 giant cockroaches
  8 goblins
  6 hobgoblins
  6 jackals
  6 quokkas
  4 ball pythons
  11 bats
  11 frilled lizards
  2 gnoll zombies
  A goblin zombie (Ossuary)
  2 hobgoblin zombies (Ossuary)
  12 kobolds
  A kobold zombie (Ossuary)
  2 leopard gecko skeletons
  An orc zombie (Ossuary)
  27 rats
  2 plants (Lair:6)
  A starspawn tentacle (Abyss:4)
1220 creatures vanquished.

Vanquished Creatures (collateral kills)
  Saint Roka (Vaults:2)
  3 thorn hunters
  3 tentacled starspawn
  A draconian monk (Abyss:4)
  Roxanne (D:14)
  A frost giant (Vaults:3)
  4 vault wardens
  An emperor scorpion (Spider:2)
  An ironheart preserver (Vaults:1)
  A reaper (Abyss:4)
  2 very ugly things
  A war gargoyle (Vaults:2)
  A vampire knight (Vaults:2)
  An entropy weaver (Spider:1)
  A stone giant (Vaults:4)
  2 dire elephants (Lair:6)
  A spark wasp (Spider:1)
  A deep elf death mage (Vaults:1)
  Snorg (D:13)
  5 vault guards
  An ice dragon (Lair:5)
  An ogre mage (Vaults:1)
  3 hydras
  2 rakshasas
  A death knight (Vaults:4)
  A ghost crab (Swamp:4)
  4 two-headed ogres
  3 centaur warriors
  3 death yaks
  2 alligators (Swamp:1)
  2 deep troll shamans (Vaults:3)
  A thrashing horror (Abyss:4)
  The ghost of tidbits the Slinger, a novice HaAM of Qazlal (D:9)
  2 skeletal warriors (D:15)
  An unseen horror (Abyss:4)
  A glowing orange brain (Vaults:1)
  A deep troll (Vaults:3)
  A spectral hydra (Swamp:4)
  2 wizards (Vaults:1)
  3 ironbrand convokers
  An orc knight (Vaults:1)
  An orb spider (Spider:4)
  A shambling mangrove (Swamp:3)
  A necromancer (D:15)
  5 ugly things
  A deep elf mage (Vaults:3)
  An orc sorcerer (D:15)
  A moth of wrath (Spider:1)
  4 elephants (Lair:6)
  A black mamba (Lair:2)
  The ghost of tidbits the Covered, a novice GnWn (D:6)
  A centaur skeleton (D:15)
  A smoke demon (Abyss:3)
  A torpor snail (Spider:1)
  A rime drake (Lair:1)
  4 spiny frogs
  5 large abominations
  2 komodo dragons
  A freezing wraith (Abyss:4)
  7 yaktaurs
  An ancient zyme (Abyss:4)
  A troll (D:9)
  2 jumping spiders (Spider:4)
  4 hornets
  4 bog bodies
  4 polar bears (IceCv)
  8 raiju (Abyss:4)
  8 blink frogs
  6 slime creatures
  A centaur simulacrum (D:15)
  An alligator zombie (Swamp:4)
  2 hippogriffs
  A meliai zombie (D:15)
  2 spriggans
  An air elemental (Abyss:4)
  14 redbacks
  2 wraiths (D:15)
  A yak (shapeshifter) (Abyss:3)
  20 yaks
  2 basilisks
  2 tarantellas (Spider:1)
  A steam dragon (shapeshifter) (Vaults:1)
  A neqoxec (Abyss:4)
  5 vampire mosquitoes
  2 swamp worms
  An insubstantial wisp (Swamp:4)
  A water moccasin (Lair:6)
  3 hell hounds (Abyss:3)
  2 porcupines (Lair:1)
  2 swamp drakes (Swamp:3)
  5 orc warriors
  A swamp dragon zombie (Swamp:4)
  7 ogres
  8 wolves
  A crocodile (Lair:6)
  3 bullfrogs
  2 wyvern zombies
  5 scorpions
  2 small abominations (Abyss:4)
  4 killer bees (D:6)
  A wight (D:9)
  3 crimson imps
  A bullfrog zombie (D:6)
  2 centaur zombies (Ossuary)
  3 orc priests
  7 starcursed masses
  2 hounds (D:9)
  7 orc wizards
  A bullfrog skeleton (D:4)
  A worker ant (D:6)
  A big kobold zombie (Ossuary)
  A mummy (Ossuary)
  An adder (D:7)
  A shadow imp (D:6)
  4 white imps (Lair:5)
  A worm (Lair:3)
  10 orcs
  A gnoll zombie (Ossuary)
  A goblin zombie (Ossuary)
  A hobgoblin zombie (Ossuary)
  A jackal zombie (D:9)
  A kobold zombie (Ossuary)
  A starspawn tentacle (Abyss:4)
306 creatures vanquished.

Vanquished Creatures (others)
  A yaktaur captain (Vaults:1)
  A centaur warrior (Vaults:2)
  An unseen horror (Abyss:4)
  2 spriggan druids (Swamp:4)
  2 deep elf archers
  A deep elf mage (Vaults:4)
  A necromancer (Vaults:1)
  7 yaktaurs
  A jumping spider (Spider:4)
  A raiju (Abyss:4)
  A spriggan (Swamp:4)
  A vampire mosquito (Swamp:4)
  2 swamp drakes (Swamp:4)
  2 centaurs
  A small abomination (Abyss:3)
  A scorpion (Ossuary)
  4 briar patches (Swamp:2)
  12 fungi
  2 lurking horrors
  15 plants
  11 starspawn tentacles
70 creatures vanquished.

Grand Total: 1596 creatures vanquished

Notes
Turn   | Place    | Note
-------+----------+-------------------------------------------
     0 | D:1      | Jatast the Demonspawn Artificer began the quest for the Orb.
     0 | D:1      | Reached XP level 1. HP: 15/15 MP: 3/3
   341 | D:1      | Gained mutation: You are partially covered in iridescent scales. (AC +2) [demonic ancestry]
   341 | D:1      | Reached XP level 2. HP: 18/21 MP: 4/4
   622 | D:1      | Gained mutation: You are mostly covered in iridescent scales. (AC +4) [demonic ancestry]
   622 | D:1      | Reached XP level 3. HP: 24/27 MP: 5/5
  1054 | D:2      | Found a sacrificial altar of Ru.
  1368 | D:2      | Reached skill level 1 in Maces & Flails
  1988 | D:2      | Gained mutation: A weak demonic guardian rushes to your aid. [demonic ancestry]
  1988 | D:2      | Reached XP level 4. HP: 33/33 MP: 6/6
  2823 | D:3      | Noticed Sigmund
  2834 | D:3      | Killed Sigmund
  2834 | D:3      | Gained mutation: You have sharp fingernails. [demonic ancestry]
  2834 | D:3      | Reached XP level 5. HP: 36/38 MP: 7/7
  2834 | D:3      | Gained mutation: You have very sharp fingernails. [demonic ancestry]
  2834 | D:3      | Reached XP level 6. HP: 42/44 MP: 8/8
  3217 | D:4      | Noticed geeseburger's ghost (novice HuWn)
  3257 | D:4      | Killed geeseburger's ghost
  3257 | D:4      | Reached XP level 7. HP: 16/50 MP: 9/9
  4161 | D:5      | Entered Level 5 of the Dungeon
  4162 | D:5      | Found a sand-covered staircase.
  4173 | D:5      | Found Rumeas's Distillery.
  4217 | Ossuary  | Entered an ossuary
  5527 | Ossuary  | Gained mutation: A demonic guardian rushes to your aid. [demonic ancestry]
  5527 | Ossuary  | Reached XP level 8. HP: 56/56 MP: 10/10
  6352 | D:5      | Noticed PipsiMox's ghost (novice GnWn)
  6373 | D:5      | Killed PipsiMox's ghost
  6734 | D:6      | Noticed Menkaure
  6744 | D:6      | Killed Menkaure
  6871 | D:6      | Found a radiant altar of Vehumet.
  6924 | D:6      | Reached skill level 10 in Maces & Flails
  7006 | D:6      | Noticed tidbits's ghost (novice GnWn)
  7021 | D:6      | Killed tidbits's ghost
  7021 | D:6      | Gained mutation: Your flesh is cold resistant. (rC+) [demonic ancestry]
  7021 | D:6      | Reached XP level 9. HP: 43/61 MP: 11/11
  7172 | D:6      | Found a glowing drain.
  7252 | Sewer    | Entered a sewer
  9217 | D:7      | Noticed a red ugly thing
  9225 | D:7      | Killed a red ugly thing
  9348 | D:7      | Found a staircase to the Ecumenical Temple.
  9367 | Temple   | Entered the Ecumenical Temple
  9535 | Temple   | Became a worshipper of Makhleb the Destroyer
  9853 | D:8      | Reached skill level 1 in Armour
  9857 | D:8      | Noticed a two-headed ogre
  9871 | D:8      | Killed a two-headed ogre
  9871 | D:8      | Reached XP level 10. HP: 41/69 MP: 12/12
 10070 | D:8      | Found a staircase to the Lair.
 10203 | D:8      | Reached skill level 2 in Armour
 10215 | D:8      | Found Itymad's Gadget Boutique.
 11179 | D:9      | Noticed a cyan ugly thing
 11198 | D:9      | Noticed a two-headed ogre
 11204 | D:9      | Killed a green ugly thing
 11226 | D:9      | Killed a two-headed ogre
 11226 | D:9      | Reached skill level 3 in Armour
 11236 | D:9      | Reached * piety under Makhleb
 11582 | D:9      | Found a glowing golden altar of the Shining One.
 11608 | D:9      | Noticed tidbits's ghost (novice HaAM)
 11635 | D:9      | Killed tidbits's ghost
 11635 | D:9      | Reached skill level 5 in Invocations
 11949 | D:9      | Found Fiwysas's Armour Boutique.
 11951 | D:9      | Found a staircase to the Orcish Mines.
 12323 | D:10     | Entered Level 10 of the Dungeon
 12430 | D:10     | Gained mutation: You have claws for hands. [demonic ancestry]
 12430 | D:10     | Reached XP level 11. HP: 90/90 MP: 15/15
 12562 | D:10     | Reached skill level 4 in Armour
 12719 | D:10     | Reached XP level 12. HP: 97/97 MP: 16/16
 12751 | D:10     | Reached skill level 10 in Fighting
 12764 | D:10     | Reached ** piety under Makhleb
 12764 | D:10     | Reached skill level 5 in Dodging
 13287 | Lair:1   | Entered Level 1 of the Lair of Beasts
 13938 | Lair:1   | Noticed an eight-headed hydra
 13946 | Lair:1   | Killed an eight-headed hydra
 14209 | Lair:1   | Reached skill level 5 in Armour
 14719 | Lair:2   | Reached *** piety under Makhleb
 14807 | Lair:2   | Found a labyrinth entrance.
 14818 | Lab      | Entered a labyrinth
 15115 | Lab      | Noticed a minotaur
 15129 | Lab      | Killed a minotaur
 15131 | Lab      | Got a wavering copper ring
 15134 | Lab      | Got a faintly humming shield
 15134 | Lab      | Got a heavily runed plate armour
 15172 | Lair:2   | Identified the ring of Kisimutz {rC+ rN+} (You took it off a minotaur in a labyrinth)
 15176 | Lair:2   | Identified the +6 plate armour of True Grit {*Drain rPois Str+2 Int+4} (You took it off a minotaur in a labyrinth)
 15207 | Lair:2   | Identified the +3 shield of the Manifold Suns {rF+ rC+ Str+3} (You took it off a minotaur in a labyrinth)
 15772 | Lair:2   | Reached skill level 6 in Armour
 16149 | Lair:3   | Noticed Sonja
 16204 | Lair:3   | Killed Sonja
 16279 | Lair:3   | Reached skill level 1 in Shields
 16284 | Lair:3   | Noticed a six-headed hydra
 16296 | Lair:3   | Killed a six-headed hydra
 16318 | Lair:3   | Gained mutation: You are immune to freezing clouds. [demonic ancestry]
 16318 | Lair:3   | Reached XP level 13. HP: 106/106 MP: 17/19
 16322 | Lair:3   | Found a hole to the Spider Nest.
 16354 | Lair:3   | Found a staircase to the Swamp.
 16654 | Lair:3   | Reached **** piety under Makhleb
 17820 | Lair:4   | Identified Veemugg's Witchcraft, Part Four
 18420 | Lair:5   | Found a frozen archway.
 18441 | IceCv    | Entered an ice cave
 18460 | IceCv    | Reached skill level 7 in Armour
 18770 | IceCv    | Noticed a frost giant
 18786 | IceCv    | Killed a frost giant
 18873 | IceCv    | Reached ***** piety under Makhleb
 20406 | Lair:6   | Entered Level 6 of the Lair of Beasts
 20656 | Lair:6   | Reached skill level 10 in Invocations
 20890 | Lair:6   | Gained mutation: A powerful demonic guardian rushes to your aid. [demonic ancestry]
 20890 | Lair:6   | Reached XP level 14. HP: 115/115 MP: 21/21
 20916 | Lair:6   | Reached skill level 8 in Armour
 20923 | Lair:6   | Reached skill level 5 in Shields
 21174 | Lair:6   | Found a staircase to the Slime Pits.
 22514 | D:11     | Noticed Nergalle
 22539 | D:11     | Killed Nergalle
 22721 | D:11     | Noticed Urug
 22749 | D:11     | Killed Urug
 23554 | D:12     | Found a stormy altar of Qazlal.
 23723 | D:12     | Reached skill level 9 in Armour
 24768 | D:13     | Found Nerotu's Food Emporium.
 25034 | D:13     | Noticed Snorg
 25044 | D:13     | Killed Snorg
 25370 | D:14     | Noticed Roxanne
 25399 | D:14     | Killed Roxanne
 25588 | D:14     | Found a gate to the Vaults.
 25615 | D:14     | Gained mutation: You resist negative energy. (rN+) [demonic ancestry]
 25615 | D:14     | Reached XP level 15. HP: 104/123 MP: 23/23
 25647 | D:14     | Reached ****** piety under Makhleb
 26173 | D:15     | Entered Level 15 of the Dungeon
 26223 | D:14     | HP: 6/123 [phantasmal warrior[a death knight] (9)]
 27357 | D:15     | Found a shattered altar of Ashenzari.
 27441 | D:15     | Found a staircase to the Depths.
 27448 | D:15     | Reached skill level 10 in Armour
 27858 | Orc:1    | Entered Level 1 of the Orcish Mines
 27858 | Orc:1    | Noticed an orc warlord
 27907 | D:9      | Killed an orc warlord
 28175 | Orc:2    | Entered Level 2 of the Orcish Mines
 28298 | Orc:2    | Found Foxtampurch's Antique Weapon Shoppe.
 28496 | Orc:2    | Found a staircase to the Elven Halls.
 28552 | Orc:2    | Reached skill level 15 in Maces & Flails
 28838 | Orc:2    | Found Guurgh's Weapon Boutique.
 28838 | Orc:2    | Found Noutt's Food Shop.
 28839 | Orc:2    | Found Tenekhaj's Food Shop.
 28842 | Orc:2    | Found Yngidat's Antique Armour Boutique.
 29367 | Swamp:1  | Entered Level 1 of the Swamp
 30088 | Swamp:2  | You are sucked into a shaft!
 30297 | Swamp:3  | Noticed a thorn hunter
 30302 | Swamp:3  | Noticed a thorn hunter
 30302 | Swamp:3  | Killed a thorn hunter
 30306 | Swamp:3  | Killed a thorn hunter
 31006 | Swamp:2  | Noticed a thorn hunter
 31016 | Swamp:3  | Gained mutation: A meltable icy envelope protects you from harm. (AC +0) [demonic ancestry]
 31016 | Swamp:3  | Reached XP level 16. HP: 133/133 MP: 24/24
 31487 | Swamp:2  | Killed a thorn hunter
 31487 | Swamp:2  | Reached skill level 11 in Armour
 32116 | Swamp:4  | Entered Level 4 of the Swamp
 33015 | Swamp:4  | Noticed a bone dragon
 33017 | Swamp:4  | Got a decaying rune of Zot
 33427 | Swamp:4  | Killed a bone dragon
 33682 | Spider:1 | Entered Level 1 of the Spider Nest
 34118 | Spider:1 | Identified a scroll of acquirement
 34762 | Spider:1 | Reached skill level 10 in Shields
 35551 | Spider:2 | Reached skill level 15 in Fighting
 35993 | Spider:3 | Reached skill level 12 in Armour
 36089 | Spider:3 | Reached XP level 17. HP: 141/141 MP: 25/25
 36455 | Spider:3 | Got a smoking ivory amulet
 36457 | Spider:3 | Identified the amulet "Buam" {Spirit Int+3} (You found it on level 3 of the Spider Nest)
 36611 | Spider:4 | Entered Level 4 of the Spider Nest
 37753 | Spider:4 | Got a gossamer rune of Zot
 38173 | Vaults:1 | Entered Level 1 of the Vaults
 38570 | Vaults:1 | Reached skill level 13 in Armour
 38626 | Vaults:1 | Paralysed by a wizard for 6 turns
 39760 | Vaults:1 | Reached XP level 18. HP: 152/152 MP: 26/26
 40122 | Vaults:2 | Noticed Saint Roka
 40162 | Vaults:2 | Killed Saint Roka
 40512 | Vaults:2 | Paralysed by a vampire knight for 7 turns
 40626 | Vaults:2 | Found a staircase to the Crypt.
 41179 | Vaults:2 | Reached skill level 14 in Armour
 41462 | Vaults:2 | Found a portal to a secret trove of treasure.
 43313 | Vaults:3 | Reached XP level 19. HP: 159/159 MP: 27/27
 43453 | Vaults:3 | Reached skill level 15 in Armour
 44302 | Vaults:4 | Found a ruined gateway.
 44333 | Vaults:4 | Paralysed by a hornet for 1 turns
 45052 | Vaults:4 | Cast into level 3 of the Abyss (a lich)
 45300 | Abyss:3  | Reached skill level 15 in Shields
 45319 | Abyss:3  | Reached skill level 16 in Armour
 45370 | Abyss:4  | Gained mutation: You occasionally shout uncontrollably at your foes. [a shining eye]
 46029 | Abyss:4  | Paralysed by accursed screaming for 1 turns
 46287 | Abyss:4  | Reached skill level 17 in Armour
 46324 | Abyss:4  | Reached XP level 20. HP: 167/167 MP: 28/28
 46345 | Abyss:4  | HP: 5/167 [cacodemon (6)]
 46345 | Abyss:4  | HP: 1/167 [chaos spawn (4)]
 46345 | Abyss:4  | Slain by a chaos spawn

Skill      XL: |  1  2  3  4  5  6  7  8  9 10 11 12 13 14 15 16 17 18 19 |
---------------+----------------------------------------------------------+-----
Dodging        | 2 3 4 6 |  6.5
Fighting       | 2 9 11 12 13 14 15 16 | 16.8
Maces & Flails | 1 4 6 7 10 12 13 14 15 16 | 16.0
Armour         | 1 3 4 6 7 9 10 12 13 14 17 | 17.1
Invocations    | 2 5 8 10 11 | 11.0
Shields        | 1 4 7 8 10 12 13 15 | 15.0
Short Blades   | |  0.8
Stealth        | |  0.8
Evocations     | |  3.0

Action                   |  1- 3 |  4- 6 |  7- 9 | 10-12 | 13-15 | 16-18 | 19-21 || total
-------------------------+-------+-------+-------+-------+-------+-------+-------++-------
Melee: Short sword       |   149 |       |       |       |       |       |       ||   149
       Whip              |    62 |   159 |   635 |       |       |       |       ||   856
       Flail             |       |       |   117 |   367 |       |       |       ||   484
       Dire flail        |       |       |       |   181 |       |       |       ||   181
       Morningstar       |       |       |       |   153 |  2160 |   512 |       ||  2825
       Demon whip        |       |       |       |       |       |  2020 |  1121 ||  3141
Invok: Minor Destruction |       |       |       |    36 |    49 |     5 |     6 ||    96
       Lesser Servant of |       |       |       |       |    14 |    21 |    10 ||    45
       Major Destruction |       |       |       |       |     5 |     2 |       ||     7
Evoke: Wand              |     4 |    10 |    20 |     6 |     1 |       |     8 ||    49
  Use: Scroll            |       |     9 |    11 |     9 |     7 |     7 |       ||    43
       Potion            |       |       |     1 |     5 |     3 |     3 |     3 ||    15
 Stab: Paralysed         |       |       |     4 |       |       |       |     1 ||     5
       Distracted        |       |       |     2 |     3 |    17 |    15 |     5 ||    42
       Confused          |       |       |       |       |       |     1 |     2 ||     3
  Eat: Chunk             |     2 |     2 |    15 |    25 |    45 |    31 |     7 ||   127
       Ration            |       |     1 |     2 |       |     2 |     3 |     1 ||     9
Armor: Leather armour    |    15 |       |       |       |       |       |       ||    15
       Scale mail        |   101 |    66 |    69 |       |       |       |       ||   236
       Chain mail        |       |       |    88 |       |       |       |       ||    88
       Plate armour      |       |       |   204 |   434 |  1315 |  1128 |       ||  3081
       Crystal plate arm |       |       |       |       |       |   275 |   313 ||   588
Dodge: Dodged            |   144 |    72 |   205 |   176 |   589 |   537 |   105 ||  1828
Block: Shield            |       |       |       |   119 |  1486 |  1957 |   682 ||  4244
       Reflection        |       |       |       |       |       |    72 |    34 ||   106
